 Seeded DCSS version 0.30-a0-476-g330ca2eb8e (webtiles) character file.

Game seed: 16792993399291170163 (custom seed)

389 purpskrrrp the Ruffian (level 6, -4/59 HPs)
             Began as a Troll Fighter on Dec 22, 2022.
             Slain by an iguana (15 damage)
             ... on level 5 of the Dungeon.
             The game lasted 00:02:36 (1924 turns).

purpskrrrp the Ruffian (Troll Fighter)              Turns: 1924, Time: 00:02:37

Health: -4/59      AC:  0    Str: 27    XL:     6   Next: 49%
Magic:  5/5        EV:  9    Int:  4    God:
Gold:   69         SH:  8    Dex:  9    Spells: 5/5 levels left

rFire   . . .      SeeInvis .      - Unarmed
rCold   . . .      Faith    .    b - +1 kite shield
rNeg    . . .      Spirit   .    a - +0 robe
rPois   .          Reflect  .    (helmet restricted)
rElec   .          Harm     .    (no cloak)
rCorr   .          Rampage  .    (gloves unavailable)
Will    .....                    (boots unavailable)
Stlth   +.........               (no amulet)
HPRegen 1.09/turn                (no ring)
MPRegen 0.09/turn                (no ring)

@: corroded
A: large, unfitting armour, claws 3, regeneration 1, shaggy fur 1, tough skin 1
a: no special abilities


You were on level 5 of the Dungeon.
You visited 1 branch of the dungeon, and saw 4 of its levels.

You collected 69 gold pieces.

Inventory:

Armour
 a - a +0 robe (worn)
 b - a +1 kite shield (worn)
Jewellery
 d - a ring of resist corrosion
 g - a ring of ice
 j - a +6 ring of intelligence
Scrolls
 f - a scroll of noise
 h - a scroll of vulnerability {unknown}
Potions
 c - 3 potions of might
 l - a potion of attraction
 m - 2 potions of haste


   Skills:
 - Level 2.4 Fighting
 + Level 3.6 Dodging
 + Level 4.0 Shields
 * Level 5.1 Unarmed Combat


You had 5 spell levels left.
You didn't know any spells.
Your spell library contained the following spells:

 Spells                   Type           Power      Damage    Failure   Level
 Ensorcelled Hibernation  Hex/Ice        0%         N/A       89%         2
 Passwall                 Tmut/Erth      0%         N/A       89%         2
 Swiftness                Air            0%         N/A       98%         3


Dungeon Overview and Level Annotations

Branches:
Dungeon (5/15)
 Temple: D:4-7

Altars:
Yredelemnul

Annotations:
D:4 1 runed translucent door, xzight's ghost, novice DEFE


Innate Abilities, Weirdness & Mutations

You are too large for most types of armour.
You have claws for hands.
Your natural rate of healing is unusually fast.
You are covered in fur. (AC +1)
You have tough skin. (AC +1)


Message History

You are too injured to fight recklessly!
You are too injured to fight recklessly!
You are too injured to fight recklessly!
You are too injured to fight recklessly!
You are too injured to fight recklessly!
You are too injured to fight recklessly!
You are too injured to fight recklessly!
You are too injured to fight recklessly!
You are too injured to fight recklessly!
You are too injured to fight recklessly!
You are too injured to fight recklessly!
You are too injured to fight recklessly!
You are too injured to fight recklessly!
You are too injured to fight recklessly!
You are too injured to fight recklessly!
You are too injured to fight recklessly!
You are too injured to fight recklessly!
You are too injured to fight recklessly!
You are too injured to fight recklessly!
You are too injured to fight recklessly!
The iguana attacks as you move away! The iguana bites you.
You scratch the jelly. The acid corrodes you!
Your claws burn!
The jelly is moderately wounded.
You block the jelly's attack. You block the orc's attack.
The orc hits you with a +0 dagger.
You claw the jelly!
You kill the jelly!
You block the orc's attack. The orc closely misses you.
The iguana barely misses you.
You barely miss the iguana.
The iguana is almost dead.
The orc closely misses you. The orc hits you with a +0 dagger.
The iguana bites you!
* * * LOW HITPOINT WARNING * * *
You scratch the iguana but do no damage.
The iguana is almost dead.
The orc hits you with a +0 hand axe.
* * * LOW HITPOINT WARNING * * *
The iguana bites you!
You die...

#...... #.....# #.....#
### #.....# ...#
#.....+ ....#
#.....########.....#
#.....l............###
#....@.............#..
#....oo............#..
#.............######..
#.............#.......
+.............ยง...####
#.............#...#
#.............#...#
.....#+#####.....##+##
..... #.....


You could see an iguana and 2 orcs.

Vanquished Creatures
  An ogre (D:4)
  A phantom (D:5)
  A howler monkey (D:4)
  2 jellies
  An orc priest (D:5)
  Robin (D:4)
  3 adders (D:4)
  An ufetubus (D:4)
  9 orcs (D:4)
  6 ball pythons
  3 bats (D:1)
  5 endoplasms
  9 goblins
  6 hobgoblins
  A quokka (D:4)
  A frilled lizard (D:1)
  4 kobolds
  2 rats (D:1)
57 creatures vanquished.

Notes
Turn   | Place    | Note
-------+----------+-------------------------------------------
     0 | D:1      | purpskrrrp the Troll Fighter began the quest for the Orb.
     0 | D:1      | Reached XP level 1. HP: 22/22 MP: 0/0
   262 | D:1      | Reached XP level 2. HP: 29/29 MP: 1/1
   990 | D:2      | You fall into a shaft and drop 2 floors!
  1028 | D:4      | Reached XP level 3. HP: 36/36 MP: 2/2
  1041 | D:4      | Reached skill level 3 in Unarmed Combat
  1108 | D:4      | Reached XP level 4. HP: 44/44 MP: 3/3
  1176 | D:4      | Noticed an ogre
  1185 | D:4      | Killed an ogre
  1186 | D:4      | Reached skill level 4 in Unarmed Combat
  1186 | D:4      | Reached XP level 5. HP: 50/50 MP: 4/4
  1393 | D:4      | Noticed Robin
  1420 | D:4      | Killed Robin
  1526 | D:4      | Found a basalt altar of Yredelemnul.
  1573 | D:4      | Found a runed translucent door.
  1573 | D:4      | Noticed xzight's ghost (novice DEFE)
  1892 | D:5      | Entered Level 5 of the Dungeon
  1901 | D:5      | Noticed a phantom
  1911 | D:5      | Killed a phantom
  1912 | D:5      | Reached XP level 6. HP: 47/59 MP: 5/5
  1916 | D:5      | Reached skill level 5 in Unarmed Combat
  1924 | D:5      | Slain by an iguana

Illustrated notes

Levels and vault maps discovered:
D:1:      lemuel_arrival_tunnels, layout_basic
D:2:      layout_basic, nicolae_ecumenical_lake_church, serial_forest,
          infiniplex_forest_clump_small, infiniplex_forest_clump_small,
          infiniplex_forest_straight_3, infiniplex_forest_straight_1,
          infiniplex_forest_lined_2
D:4:      layout_basic, yredelemnul_altar_generic, gammafunk_ghost_grave,
          uniq_robin
D:5:      layout_gridville, serial_shops, kennysheep_mini, abandoned_shop,
          nicolae_stop_n_shop_1

Skill      XL: |  1  2  3  4  5  6 |
---------------+-------------------+-----
Shields        | 3 4 |  4.0
Unarmed Combat | 3 4 5 |  5.1
Dodging        | 3 |  3.6
Fighting       | |  2.4

Action                   |  1- 3 |  4- 6 || total
-------------------------+-------+-------++-------
Melee: Unarmed           |    72 |   118 ||   190
  Use: Scroll            |       |     6 ||     6
 Stab: Sleeping          |     1 |       ||     1
Armor: Robe              |    25 |    26 ||    51
Dodge: Dodged            |    33 |    57 ||    90
Block: Kite shield       |    19 |    46 ||    65

Table legend: (Time is in decaauts)
 A = Elapsed time spent in this place.
 B = Non-inter-level travel time spent in this place.
 C = Inter-level travel time spent in this place.
 D = Time resting spent in this place.
 E = Time spent auto-exploring this place.
 F = Levels seen in this place.
 G = Mean time per level.
                   A        B        C        D        E       F      G
               +--------+--------+--------+--------+--------+-----+--------+
         Total |   1935 |   1879 |     56 |      0 |   1520 |   4 |  483.8 |
       Dungeon |   1935 |   1879 |     56 |      0 |   1520 |   4 |  483.8 |
               +--------+--------+--------+--------+--------+-----+--------+

Top non-repeatable levels by time:
     D:1: 964 daAuts
     D:4: 909 daAuts
     D:5: 32 daAuts
     D:2: 29 daAuts
